 Dungeon Crawl Stone Soup version 0.18-b1-22-ge198996 (webtiles) character file.

870 Alarkh the Poker (level 7, -1/50 HPs)
             Began as a Mummy Skald on May 3, 2016.
             Killed from afar by a white imp (5 damage)
             ... with a puff of frost
             ... summoned by Eustachio
             ... on level 5 of the Dungeon.
             The game lasted 00:11:33 (6926 turns).

Alarkh the Poker (Mummy Skald)                      Turns: 6926, Time: 00:11:34

Health: -1/50      AC:  6    Str: 15    XL:     7   Next: 73%
Magic:  5/10       EV: 11    Int: 13    God:
Gold:   230        SH:  0    Dex: 12    Spells: 3 memorised, 5 levels left

rFire  x . .     SeeInvis .     a - +0 trident
rCold  + . .     Gourm    .     b - +0 leather armour
rNeg   + + +     Faith    .     (no shield)
rPois  ∞         Spirit   .     (no helmet)
rElec  .         Dismiss  .     t - +2 cloak {MR+}
rCorr  .         Reflect  .     (no gloves)
SustAt +         Harm     .     (no boots)
MR     +....                    (no amulet)
Stlth  +.........               (no ring)
                                n - ring of sustain attributes

@: very slightly contaminated, somewhat resistant to hostile enchantments, very
unstealthy
A: no food or potions, fire vulnerability, cold resistance 1, negative energy
resistance 3, torment resistance, unbreathing
a: no special abilities


You were on level 5 of the Dungeon.
You were not hungry.

You visited 2 branches of the dungeon, and saw 6 of its levels.
You also visited: Sewer.

You collected 230 gold pieces.

Inventory:

Hand Weapons
 a - a +0 trident (weapon)
 k - a +0 spear of chaos
 o - a +0 spear
Armour
 b - a +0 leather armour (worn)
 f - a +1 cloak of invisibility
 t - a +2 cloak of magic resistance (worn)
Jewellery
 n - a ring of sustain attributes (left hand)
Wands
 d - a wand of acid (5/15)
 j - a wand of digging (6/24)
Scrolls
 e - 3 scrolls of amnesia
 g - 4 scrolls of remove curse
 h - a scroll of noise
 l - 4 scrolls of random uselessness
 m - a scroll of fog {unknown}
 p - 3 scrolls of enchant weapon {unknown}
 q - 4 scrolls of fear
 r - a scroll of teleportation {unknown}
 s - a scroll of enchant armour {unknown}
Books
 c - a book of Battle

   Spells                             Type                      Level
   a - Infusion                       Charms                       1
   b - Shroud of Golubria             Charms/Translocation         2
   c - Song of Slaying                Charms                       2
   d - Spectral Weapon                Hexes/Charms                 3
   e - Regeneration                   Charms/Necromancy            3
 i - a book of Changes

   Spells                             Type                      Level
   a - Beastly Appendage              Transmutation                1
   b - Sticks to Snakes               Transmutation                2
   c - Spider Form                    Transmutation/Poison         3
   d - Ice Form                       Ice/Transmutation            4
   e - Blade Hands                    Transmutation                5


   Skills:
 - Level 2.0 Fighting
 + Level 7.5 Polearms
 - Level 0.7 Armour
 - Level 0.7 Dodging
 - Level 2.0 Spellcasting
 - Level 2.4 Charms


You had 5 spell levels left.
You knew the following spells:

 Your Spells              Type           Power        Failure   Level  Hunger
a - Infusion              Chrm           #...         14%         1    N/A
b - Song of Slaying       Chrm           #.......     21%         2    N/A
c - Shroud of Golubria    Chrm/Tloc      #.........   30%         2    N/A

Dungeon Overview and Level Annotations

Branches:
Dungeon (5/15)             Temple (1/1) D:4

Altars:
Ashenzari
Dithmenos
Elyvilon
Fedhas
Makhleb
Nemelex Xobeh
Okawaru
Pakellas
Qazlal
Sif Muna
Trog
Xom
Yredelemnul
The Shining One

Shops:
D:4 (:

Annotations:
D:5 Eustachio


Innate Abilities, Weirdness & Mutations

You do not eat or drink.
Your flesh is vulnerable to fire.
You are immune to poison.
Your flesh is cold resistant.
You are immune to negative energy.
You are immune to unholy pain and torment.
You can survive without breathing.


Message History

The white imp lashes its tail.
The white imp hits you but does no damage.
The bat barely misses you. The river rat misses you.
The white imp disappears in a puff of smoke! x2
The ufetubus closely misses you. x2
The white imp disappears for a moment.
The white imp closely misses you. The bat barely misses you. The bat hits you.
The ufetubus hits you but does no damage.
The ufetubus hits you.
You hit Eustachio.
Eustachio is almost dead.
The bat hits you but does no damage. x4
The quasit bites you but does no damage.
The quasit barely misses you.
The quasit claws you but does no damage.
Eustachio zaps a wand.
The puff of flame hits you! The fire burns you terribly!
* * * LOW HITPOINT WARNING * * *
The white imp gestures at you. The puff of frost hits you! You resist.
You die...

*,,,* *,* ##.#.#### ***>*
##+## ##.###.## *,* ##...##
#.## ##.# ***,* ##.....##
##.###.## **,*,* ##.......##
##.#..#
**,,,,**#.........####....####
*,,,,,,,+........(+...........
**,,,,*,#...r5....####....####
**,*,*,*#..b@@..#*##.#.#.#
****,*,*,*##.55b.## #.#....#
*,,,,,,*,* ##...## ##.#####
*,**,***,* ##'## #.# *,**,*
*,* #.# #.# *,**,***,* #.# #.#
*,**,,,,,* ###.#######.#
***,******** #...........#
*,,,,,,,* #.....#######


You could see Eustachio, a quasit, a river rat, a white imp, an ufetubus and 2
bats.

Vanquished Creatures
  A phantom (D:5)
  An ogre (D:5)
  2 big kobolds (Sewer)
  A crimson imp (D:5)
  2 hounds
  Crazy Yiuf (D:5)
  An orc wizard (D:5)
  Ijyb (D:2)
  A worker ant (D:5)
  4 gnolls
  A howler monkey skeleton (D:4)
  8 adders
  8 river rats (Sewer)
  A shadow imp (D:5)
  2 oozes
  8 worms
  4 dart slugs
  13 orcs
  7 giant cockroaches
  14 goblins
  10 hobgoblins
  7 jackals
  A quokka (D:2)
  4 ball pythons (Sewer)
  A ball python skeleton (D:4)
  5 bats
  A giant newt (D:1)
  16 kobolds
  24 rats
150 creatures vanquished.

Vanquished Creatures (others)
  A giant gecko (D:2)
1 creature vanquished.

Grand Total: 151 creatures vanquished

Notes
Turn   | Place    | Note
--------------------------------------------------------------
     0 | D:1      | Alarkh the Mummy Skald began the quest for the Orb.
     0 | D:1      | Reached XP level 1. HP: 16/16 MP: 3/3
   110 | D:1      | Reached skill level 2 in Polearms
   200 | D:1      | Reached XP level 2. HP: 16/22 MP: 0/5
   667 | D:1      | Reached XP level 3. HP: 25/27 MP: 1/6
   931 | D:2      | Reached skill level 3 in Polearms
  1422 | D:1      | Learned a level 2 spell: Song of Slaying
  1425 | D:1      | Learned a level 2 spell: Shroud of Golubria
  1912 | D:2      | Reached XP level 4. HP: 27/33 MP: 2/7
  1956 | D:2      | Found a glowing golden altar of the Shining One.
  2207 | D:2      | Noticed Ijyb
  2256 | D:2      | Killed Ijyb
  2256 | D:2      | Reached skill level 4 in Polearms
  2449 | D:2      | Found a shimmering altar of Xom.
  2554 | D:3      | Reached XP level 5. HP: 38/38 MP: 2/8
  2811 | D:3      | Found a blossoming altar of Fedhas.
  3150 | D:3      | Found a stormy altar of Qazlal.
  3487 | D:4      | Reached skill level 5 in Polearms
  3526 | D:4      | Found a blossoming altar of Fedhas.
  3587 | D:4      | Found an iron altar of Okawaru.
  3668 | D:4      | Found Cyluozeh's Book Shoppe.
  3757 | D:4      | Found a sparkling altar of Nemelex Xobeh.
  3842 | D:4      | Found a staircase to the Ecumenical Temple.
  3889 | Temple   | Entered the Ecumenical Temple
  4010 | D:4      | Found Rexem's Antique Weapon Boutique.
  4266 | D:4      | Reached XP level 6. HP: 38/44 MP: 6/9
  4371 | D:5      | Entered Level 5 of the Dungeon
  4551 | D:5      | Found a shadowy altar of Dithmenos.
  4660 | D:5      | Found a glowing drain.
  4664 | Sewer    | Entered a sewer
  4963 | Sewer    | Reached skill level 6 in Polearms
  5269 | Sewer    | Reached XP level 7. HP: 29/50 MP: 0/10
  6302 | D:5      | Reached skill level 7 in Polearms
  6389 | D:5      | Found a burning altar of Makhleb.
  6471 | D:5      | Noticed Crazy Yiuf
  6733 | D:5      | Killed Crazy Yiuf
  6768 | D:5      | Noticed Eustachio
  6926 | D:5      | Killed from afar by a white imp

Skill      XL: |  1  2  3  4  5  6  7 |
---------------+----------------------+-----
Polearms       | 2 3 4 5 6 7 |  7.5
Fighting       | |  2.0
Armour         | |  0.7
Dodging        | |  0.7
Spellcasting   | |  2.0
Charms         | |  2.4

Action                   |  1- 3 |  4- 6 |  7- 9 || total
-------------------------+-------+-------+-------++-------
Melee: Spear             |   149 |   148 |       ||   297
       Trident           |       |   171 |   199 ||   370
 Cast: Infusion          |    28 |    38 |    13 ||    79
       Shroud of Golubri |       |     3 |     6 ||     9
Evoke: Wand              |       |       |     2 ||     2
  Use: Scroll            |       |     6 |     2 ||     8
 Stab: Sleeping          |       |       |     1 ||     1
Armor: Leather armour    |    31 |    85 |    55 ||   171
Dodge: Dodged            |    66 |   146 |   111 ||   323
